 Dungeon Crawl Stone Soup version 0.30-a0-1164-ge08a67761e (webtiles) character file.

Game seed: 5732058992591011231

297956 Sobieck the Peltast (level 19, -38/201 HPs)
             Began as a Troll Cinder Acolyte on Apr 28, 2023.
             Was the Champion of Jiyva.
             Killed from afar by an ironbound thunderhulk (58 damage)
             ... with a bolt of lightning
             ... led by a vault warden
             ... on level 3 of the Vaults on Apr 29, 2023.
             The game lasted 02:01:52 (40345 turns).

Sobieck the Peltast (Troll Cinder Acolyte)         Turns: 40345, Time: 02:01:53

Health: -38/201    AC: 17    Str: 37    XL:     19   Next: 69%
Magic:  15/19      EV: 15    Int:  9    God:    Jiyva [******]
Gold:   3604       SH: 28    Dex: 11    Spells: 20/20 levels left

rFire   + + +        a - +10 lance "Wyrmbane" {slay drac, rPois rF+ rC+ AC+3}
rCold   + . .        l - +5 tower shield {rF+}
rNeg    + . .        G - +0 troll leather armour
rPois   +            L - +2 hood of the Assassin {Detect Stab+ Stlth++}
rElec   .            T - scarf "Gecuech" {+Inv, Will+ Dex+4 Stlth+}
rCorr   +            (gloves unavailable)
SInv    .            (boots unavailable)
Will    +++..        y - amulet "Ziban" {Reflect rF+ rN+ Dex+3 SH+5}
Stlth   ++++         d - ring of flight
HPRegen 3.73/turn    D - ring of willpower
MPRegen 0.66/turn

%: reflection, clarity
@: slimy, flying, studying Shields
A: large, unfitting armour, claws 3, regeneration 1, shaggy fur 1, tough skin 1,
antennae 1, hooves 1, iridescent scales 2, clarity, strong 1, gelatinous body 2,
evolution 2, MP-powered wands
}: 3/15 runes: barnacled, slimy, gossamer
a: Renounce Religion, Evoke Invisibility, Oozemancy, Slimify


You were on level 3 of the Vaults.
You worshipped Jiyva.
Jiyva was exalted by your worship.
You visited 9 branches of the dungeon, and saw 42 of its levels.
You also visited: Bailey and Ice Cave.

You collected 3852 gold pieces.
You spent 248 gold pieces at shops.


Innate Abilities, Weirdness & Mutations

You are too large for most types of armour.
You have claws for hands.
Your natural rate of healing is unusually fast.
You are covered in fur. (AC +1)
You have tough skin. (AC +1)
You have a pair of small antennae on your head.
You have large cloven feet.
You are mostly covered in iridescent scales. (AC +4)
You possess an exceptional clarity of mind.
Your muscles are strong. (Str +4, Int/Dex -1)
Your pliable body absorbs attacks. (AC +2, EV +2)
You have great hidden genetic potential.
You expend magic power (3 MP) to strengthen your wands.


   Skills:
 - Level 15.0 Fighting
 - Level 12.0 Polearms
 - Level 15.0 Throwing
 - Level 13.0 Dodging
 - Level 1.0 Stealth
 + Level 15.1 Shields
 - Level 11.0 Unarmed Combat
 - Level 1.0 Spellcasting
 - Level 2.1 Fire Magic
 - Level 4.0 Evocations


You had 20 spell levels left.
You didn't know any spells.
Your spell library contained the following spells:

 Spells                   Type           Power      Damage    Failure   Level
 Scorch                   Fire           8%         2d5       41%         2
 Foxfire                  Conj/Fire      8%         2x1d4     43%         1
 Apportation              Tloc           0%         N/A       58%         1
 Beastly Appendage        Tmut           0%         N/A       58%         1
 Freeze                   Ice            0%         1d3       58%         1
 Necrotise                Necr           0%         1d4       58%         1
 Shock                    Conj/Air       0%         1d3       58%         1
 Slow                     Hex            0%         N/A       58%         1
 Sting                    Tmut/Pois      0%         1d3       58%         1
 Summon Small Mammal      Summ           0%         N/A       58%         1
 Blink                    Tloc           0%         N/A       73%         2
 Cigotuvi's Dreadful Rot  Necr/Pois/Air  0%         N/A       73%         2
 Lesser Beckoning         Tloc           0%         N/A       73%         2
 Momentum Strike          Conj/Tloc      0%         3d8       73%         2
 Poisonous Vapours        Pois/Air       0%         N/A       73%         2
 Sublimation of Blood     Necr           0%         N/A       73%         2
 Wereblood                Tmut           0%         N/A       73%         2
 Ignite Poison            Fire/Tmut/Pois 1%         N/A       86%         3
 Call Canine Familiar     Summ           0%         N/A       91%         3
 Confusing Touch          Hex            0%         N/A       91%         3
 Frozen Ramparts          Ice            0%         1d1       91%         3
 Gell's Gravitas          Tloc           0%         N/A       91%         3
 Hailstorm                Conj/Ice       0%         3d3       91%         3
 Mephitic Cloud           Conj/Pois/Air  0%         N/A       91%         3
 Portal Projectile        Hex/Tloc       0%         N/A       91%         3
 Spider Form              Tmut/Pois      0%         N/A       91%         3
 Summon Guardian Golem    Hex/Summ       0%         N/A       91%         3
 Swiftness                Air            0%         N/A       91%         3
 Teleport Other           Tloc           0%         N/A       91%         3
 Tukima's Dance           Hex            0%         N/A       91%         3
 Vampiric Draining        Necr           0%         2d6       91%         3
 Vhi's Electric Charge    Tloc/Air       0%         N/A       91%         3
 Sticky Flame             Conj/Fire      2%         2d3       99%         4
 Airstrike                Air            0%         2d(0-16)  100%        4
 Animate Dead             Necr           0%         N/A       100%        4
 Dispel Undead            Necr           0%         3d6       100%        4
 Leda's Liquefaction      Hex/Erth       0%         N/A       100%        4
 Manifold Assault         Tloc           0%         N/A       100%        4
 Passage of Golubria      Tloc           0%         N/A       100%        4
 Alistair's Intoxication  Tmut/Pois      0%         N/A       100%        5
 Arcjolt                  Conj/Air       0%         1d10      100%        5
 Fireball                 Conj/Fire      1%         3d3       100%        5
 Freezing Cloud           Conj/Ice/Air   0%         6-21      100%        5
 Lee's Rapid Deconstruct  Erth           0%         3d4*      100%        5
 Yara's Violent Unravell  Hex/Tmut       0%         3d3       100%        5
 Death Channel            Necr           0%         N/A       100%        6
 Dispersal                Tloc           0%         N/A       100%        6
 Plasma Beam              Fire/Air       1%         2x1d12    100%        6
 Simulacrum               Ice/Necr       0%         N/A       100%        6
 Statue Form              Tmut/Erth      0%         N/A       100%        6
 Storm Form               Tmut/Air       0%         N/A       100%        7
 Summon Hydra             Summ           0%         N/A       100%        7
 Disjunction              Tloc           0%         N/A       100%        8
 Infestation              Necr           0%         N/A       100%        8
 Fire Storm               Conj/Fire      1%         7d1       100%        9

Inventory:

Hand Weapons
 a - the +10 lance "Wyrmbane" (weapon) {slay drac, rPois rF+ rC+ AC+3}
   (You took it off Maggie on level 8 of the Dungeon)

   AC:        It affects your AC (+3).
   rF:        It protects you from fire.
   rC:        It protects you from cold.
   rPois:     It protects you from poison.
Missiles
 g - 38 poisoned darts (quivered) {throwing}
 k - 3 silver javelins {throwing}
 p - 4 javelins {throwing}
 C - 28 boomerangs {throwing}
 Q - 16 large rocks {=fthrowing}
 R - 2 silver boomerangs {throwing}
 V - a throwing net {=f!fthrowing}
Armour
 l - a +5 tower shield of fire resistance (worn)
   (You acquired it on level 4 of the Lair of Beasts)
 t - a scarf of resistance
   (You found it on level 4 of the Spider Nest)
 G - a +0 troll leather armour (worn)
   (You found it on level 3 of the Vaults)
 L - the +2 hood of the Assassin (worn) {Detect Stab+ Stlth++}
   (You found it on level 3 of the Lair of Beasts)

   Detect:    It allows the wearer to sense nearby creatures.
   Stab+:     It allows the wearer to make particularly effective stabbing
   attacks against helpless or unaware enemies with any weapon.
   Stlth:     It makes you much more stealthy.
 T - the scarf "Gecuech" (worn) {+Inv, Will+ Dex+4 Stlth+}
   (You found it on level 5 of the Pits of Slime)

   Dex:       It affects your dexterity (+4).
   Will:      It increases your willpower.
   Stlth:     It makes you more stealthy.
Jewellery
 c - a ring of protection from cold
   (You found it on level 1 of the Dungeon)
 d - a ring of flight (left claw)
   (You found it on level 1 of the Dungeon)
 s - the amulet "Maiceol" {Acrobat rElec rC+}
   (You found it on level 10 of the Dungeon)

   [amulet of the acrobat]

   It increases your evasion while moving and waiting.
   rC:        It protects you from cold.
   rElec:     It insulates you from electricity.
 y - the amulet "Ziban" (around neck) {Reflect rF+ rN+ Dex+3 SH+5}
   (You found it on level 3 of the Elven Halls)

   [amulet of reflection]

   It reflects blocked missile attacks.
   Dex:       It affects your dexterity (+3).
   rF:        It protects you from fire.
   rN:        It protects you from negative energy.
   SH:        It affects your SH (+5).
 D - a ring of willpower (right claw)
   (You found it on level 3 of the Lair of Beasts)
Wands
 o - a wand of quicksilver (24)
   (You found it on level 3 of the Dungeon)
 v - a wand of digging (7)
   (You found it on level 6 of the Dungeon)
 I - a wand of mindburst (43)
   (You found it on level 8 of the Dungeon)
 J - a wand of iceblast (22)
   (You took it off a kobold brigand on level 7 of the Dungeon)
 M - a wand of charming (29)
   (You found it on level 7 of the Dungeon)
 S - a wand of flame (21)
   (You found it on level 4 of the Lair of Beasts)
Scrolls
 b - a scroll of magic mapping {!r}
 f - a scroll of summoning
 h - 2 scrolls of brand weapon
 i - 4 scrolls of immolation {!r!r}
 n - 9 scrolls of vulnerability {!r!r}
 w - 6 scrolls of poison {!r}
 x - 8 scrolls of teleportation {@r4}
 B - 3 scrolls of fog
 K - 2 scrolls of noise {!r}
 O - 3 scrolls of fear
 P - 7 scrolls of identify {@r1}
 Z - a scroll of blinking {!r}
Potions
 e - 12 potions of curing {@q1}
 j - 6 potions of attraction {!q}
 m - 5 potions of heal wounds {@q2}
 q - 5 potions of lignification {!q}
 r - 8 potions of flight
 u - 5 potions of brilliance
 z - 3 potions of cancellation
 A - 2 potions of resistance
 E - 4 potions of might
 F - 8 potions of ambrosia
 H - 3 potions of mutation {!q}
 W - 3 potions of haste {@q3}
 Y - 3 potions of invisibility
Miscellaneous
 N - a phial of floods
   (You found it on level 5 of the Lair of Beasts)
 U - a phantom mirror
   (You found it on level 11 of the Dungeon)
 X - a box of beasts
   (You found it on level 10 of the Dungeon)

Dungeon Overview and Level Annotations

Branches:
Dungeon (15/15) Zot: 25109  Temple (1/1) D:6 Zot: 5787    Lair (5/5) D:9 Zot: 22577
 Shoals (4/4) Lair:2 Zot: 20582  Spider (4/4) Lair:3 Zot: 19840   Slime (5/5) Lair:4 Zot: 26833
    Orc (2/2) D:10 Zot: 10539     Elf (3/3) Orc:2 Zot: 14988  Vaults (3/5) D:13 Zot: 15342
 Depths (0/4) D:15         Bailey (visited)           IceCv (visited)
  Crypt: Vaults:2-3

Altars:
Ashenzari
Cheibriados
Dithmenos
Elyvilon
Fedhas
Gozag
Hepliaklqana
Kikubaaqudgha
Makhleb
Nemelex Xobeh
Okawaru
Qazlal
Ru
Sif Muna
Trog
Uskayaw
Vehumet
Wu Jian
Xom
Yredelemnul
Zin
The Shining One
Jiyva

Shops:
D:11 *!   Orc:2 *=[(   Shoals:4 (   Vaults:1 [*([

Portals:
Hell: Lair:5
Trove: D:13 (give +3 storm dragon scales)

Annotations:
D:7 2 transporters
D:10 1 runed translucent door, AiryTheDragon's ghost, novice DsHW
D:12 1 runed translucent door, logorrheac's ghost, journeyman TrBe
Lair:3 1 runed translucent door, TheSexyCheese's ghost, journeyman OgFE
Lair:4 exclusion: downstairs
Lair:5 not done yet
Shoals:4 2 transporters, jlumianski's ghost, adept DsFi
Slime:5 Royal Jelly
Elf:1 3 runed translucent doors
Elf:2 5 runed translucent doors

#.)....# #......#
#......+..#
+.O....#..#
#......#..#
#pp....#^.#
#......#..#
#.p@...#..#
#..J...#..########
#......#..'......#
..#####+##..#[)....#
............#......#
............#......#
............#......#
............#......#
............####+#'###


You could see a vault warden, an ironbound thunderhulk (ally target), a vault
guard, an ironbound frostheart and a friendly rockslime (summoned).


Message History

You reach to attack!
You barely miss the vault warden. You block the vault guard's attack.
The vault warden hits you from afar with a +0 glaive!
You barely miss the ironbound thunderhulk.
You kick the ironbound thunderhulk. You block the vault guard's attack.
You block the ironbound thunderhulk's attack.
You block the vault warden's attack.
You barely miss the ironbound thunderhulk.
Your kick misses the ironbound thunderhulk.
You closely miss the ironbound thunderhulk.
You block the vault guard's attack. The vault warden barely misses you.
You hit the ironbound thunderhulk but do no damage.
You kick the ironbound thunderhulk.
The ironbound thunderhulk hits you with a +0 dire flail!
You puncture the ironbound thunderhulk! You kick the ironbound thunderhulk!
You block the vault guard's attack.
You block the ironbound frostheart's attack.
The vault warden closely misses you.
You puncture the ironbound thunderhulk!
Your kick misses the ironbound thunderhulk.
You block the vault guard's attack.
The ironbound thunderhulk hits you with a +0 dire flail!!
The vault warden hits you from afar with a +0 glaive!!
You puncture the ironbound thunderhulk! You kick the ironbound thunderhulk!
You puncture the ironbound thunderhulk! You block the vault guard's attack.
The ironbound frostheart touches you! The ironbound frostheart freezes you!
You resist. You block the vault warden's attack.
You are too injured to fight recklessly!
You are too injured to fight recklessly!
You closely miss the ironbound thunderhulk.
Strange energies crackle from the ironbound thunderhulk's apparatus.
The ironbound thunderhulk blinks!
The ironbound frostheart attacks as you move away!
You block the ironbound frostheart's attack.
You block the vault guard's attack. You block the vault warden's attack.
Unknown command.
Unknown command.
Unknown command.
Reach: a) +10 lance "Wyrmbane" {slay drac, rPois rF+ rC+ AC+3}
Press: ? - help, Dir - move target, f - ironbound thunderhulk, p - vault warden
Aim: an ironbound thunderhulk, wielding a +0 dire flail and wearing a +0 animal skin (almost dead, about 19% to evade the +10 lance "Wyrmbane")
You reach to attack!
You completely miss the ironbound thunderhulk.
The vault guard hits you from afar with a +0 halberd.
The ironbound frostheart touches you! The ironbound frostheart freezes you!
You resist. You block the vault warden's attack.
Reach: a) +10 lance "Wyrmbane" {slay drac, rPois rF+ rC+ AC+3}
Press: ? - help, Dir - move target, f/p - ironbound thunderhulk
Aim: an ironbound thunderhulk, wielding a +0 dire flail and wearing a +0 animal skin (almost dead, about 19% to evade the +10 lance "Wyrmbane")
You reach to attack!
You completely miss the ironbound thunderhulk.
Strange energies crackle from the ironbound thunderhulk's apparatus.
The ironbound thunderhulk blinks!
You block the vault guard's attack.
You block the ironbound frostheart's attack.
The vault warden activates a sealing rune.
A door slams shut!
Reach: a) +10 lance "Wyrmbane" {slay drac, rPois rF+ rC+ AC+3}
Press: ? - help, Dir - move target, f - ironbound frostheart, p - ironbound thunderhulk
Aim: an ironbound frostheart, wearing a +0 scale mail (about 21% to evade the +10 lance "Wyrmbane")
You barely miss the ironbound frostheart.
You kick the ironbound frostheart.
Unknown command.
You impale the ironbound frostheart!! You block the vault guard's attack.
The ironbound frostheart touches you. The ironbound frostheart freezes you!
You resist.
The vault warden hits you from afar with a +0 glaive!!
* * * LOW HITPOINT WARNING * * *
You closely miss the ironbound frostheart.
You kick the ironbound frostheart, but do no damage.
Electricity crackles from the ironbound thunderhulk's apparatus.
The bolt of lightning misses you.
Unknown command.
You puncture the ironbound frostheart! You kick the ironbound frostheart.
The vault guard hits you from afar with a +0 halberd!
* * * LOW HITPOINT WARNING * * *
You block the ironbound frostheart's attack.
The vault warden hits you from afar with a +0 glaive!!
* * * LOW HITPOINT WARNING * * *
You feel much better.
Electricity crackles from the ironbound thunderhulk's apparatus.
The bolt of lightning hits you!!!
* * * LOW HITPOINT WARNING * * *
You shudder from the blast and a jelly pops out!
You block the vault guard's attack. The ironbound frostheart touches you.
* * * LOW HITPOINT WARNING * * *
The ironbound frostheart freezes you. You resist.
* * * LOW HITPOINT WARNING * * *
You block the vault warden's attack.
You feel much better.
Electricity crackles from the ironbound thunderhulk's apparatus.
The bolt of lightning misses you. The ironbound frostheart touches you!
* * * LOW HITPOINT WARNING * * *
The ironbound frostheart freezes you. You resist.
* * * LOW HITPOINT WARNING * * *
You block the vault guard's attack. You block the vault warden's attack.
Unknown command.
A thick mucus forms on the +10 lance "Wyrmbane" {slay drac, rPois rF+ rC+ AC+3}.
Electricity crackles from the ironbound thunderhulk's apparatus.
The bolt of lightning hits you!!!
You die...

Skill      XL: |  1  2  3  4  5  6  7  8  9 10 11 12 13 14 15 16 17 18 19 |
---------------+----------------------------------------------------------+-----
Unarmed Combat | 4 5 6 8 10 11 | 11.0
Fighting       | 3 4 6 8 10 11 12 15 | 15.0
Stealth        | 1 |  1.0
Polearms       | 3 8 11 12 | 12.0
Shields        | 5 10 14 15 | 15.1
Throwing       | 6 9 12 15 | 15.0
Dodging        | 5 9 11 13 | 13.0
Evocations     | 2 4 |  4.0
Spellcasting   | |  1.0
Fire Magic     | |  2.1

Action                     |  1- 3 |  4- 6 |  7- 9 | 10-12 | 13-15 | 16-18 | 19-21 || total
---------------------------+-------+-------+-------+-------+-------+-------+-------++-------
  Melee: Unarmed           |    99 |   140 |   221 |    79 |       |       |       ||   539
         Punch             |     2 |     5 |     7 |    34 |       |       |       ||    48
         Lance             |       |       |       |   805 |  1892 |  2051 |   550 ||  5298
         Headbutt          |       |       |       |       |    56 |    62 |       ||   118
         Pseudopods        |       |       |       |       |    49 |   373 |   138 ||   560
         Bite              |       |       |       |       |     3 |   191 |       ||   194
         Kick              |       |       |       |       |       |   155 |   241 ||   396
  Throw: Stone             |       |       |    58 |       |     7 |    74 |       ||   139
         Dart              |       |       |     1 |     5 |       |    73 |    11 ||    90
         Boomerang         |       |       |       |    17 |    56 |       |       ||    73
         Large rock        |       |       |       |       |     4 |       |       ||     4
 Invoke: Foxfire Swarm     |       |       |       |     3 |       |       |       ||     3
         Fiery Armour      |       |       |       |     1 |       |       |       ||     1
         Oozemancy         |       |       |       |       |     1 |     2 |       ||     3
         Slimify           |       |       |       |       |       |     2 |     1 ||     3
  Evoke: Wand              |       |     3 |     3 |     1 |     4 |       |       ||    11
         Phial of floods   |       |       |       |       |     1 |       |       ||     1
    Use: Scroll            |       |    12 |     4 |     8 |     5 |     6 |     4 ||    39
         Potion            |       |       |     1 |     4 |     1 |       |     2 ||     8
   Stab: Sleeping          |       |     1 |       |     8 |    29 |    32 |       ||    70
         Petrified         |       |       |       |     3 |       |     3 |       ||     6
         Distracted        |       |       |       |       |     4 |     4 |       ||     8
         Paralysed         |       |       |       |       |     1 |       |       ||     1
         Confused          |       |       |       |       |    11 |    43 |     4 ||    58
 Armour: Robe              |    42 |    31 |    48 |       |       |       |       ||   121
         Steam dragon scal |       |       |     1 |   170 |   234 |       |       ||   405
         Troll leather arm |       |       |       |       |    74 |   109 |    37 ||   220
  Dodge: Dodged            |    66 |    43 |    70 |   186 |   211 |   296 |    59 ||   931
  Block: Tower shield      |       |       |       |    75 |   845 |  1402 |   338 ||  2660
         Reflection        |       |       |       |       |       |    44 |    17 ||    61

Levels and vault maps discovered:
D:1:      lightli_arrival_flooded_house, layout_basic,
          nicolae_kite_square_tiling_tiny, corner_web_ring
D:2:      layout_basic, hellmonk_ecumenical_altar_arch_garden, basic_altar,
          minivault_4
D:3:      layout_rooms
D:4:      layout_loops_corners, lemuel_tele_altar, grunt_decor_clamped
D:5:      layout_cave_pods, fiery_altar_vehumet, makhleb_grotto_becter
D:6:      layout_layer_cave, minmay_temple_entry_antechambers
D:7:      gammafunk_steamed_eel, layout_basic, hex_large, the_hattery
D:8:      layout_basic, mainiacjoe_overflow_alcove_2,
          mainiacjoe_overflow_24_doors, mainiacjoe_overflow_cross_hatched,
          uniq_maggie
D:9:      layout_irregular_city, nemelex_altar_shiori,
          grunt_lair_entry_orc_guard_hut, enter_bailey_4, uniq_erolcha
D:10:     layout_loops_ring, mainiacjoe_overflow_catwalk, zombieorc2_lemuel,
          ebering_ghost_funeral_grove
D:11:     layout_irregular_city, serial_shops, shop, gauntlet_entry_generic,
          nicolae_island_escapes
D:12:     layout_roguey, ebering_ghost_reflecting_pool,
          nicolae_ru_great_annihilating_truth, uniq_lodul
D:13:     layout_irregular_city, erik_vaults_1, nicolae_trove_entry_path_of_doom
D:14:     layout_irregular_city, serial_park_paths
          [serial_park_minivault_5x5_8], lemuel_nasty_fountain
D:15:     hangedman_depths_entry_civil_slaughter, layout_layer_cave,
          grunt_gozag_breadcrumbs
Temple:   eino_narrow_crystal_temple
Lair:1:   layout_regular_city, nicolae_lair_grazing_beasts
          [nicolae_sub_lair_graze_edge, nicolae_sub_lair_graze_edge,
          nicolae_sub_lair_graze_edge, nicolae_sub_lair_graze_edge]
Lair:2:   layout_cave_pods, elwin_shoals_entry_rocks,
          lightli_volcano_entry_magma_tube, grunt_forest_small_clearing_treed,
          serial_bayou_shore_b
Lair:3:   layout_long_grid, spider_nest_entry_rubble,
          hellmonk_ghost_happy_afterlife
Lair:4:   layout_loops_ring, minmay_slime_entry_jelly_boxes, serial_bayou,
          serial_bayou_pond_e, serial_bayou_crossing, serial_bayou_shore_a,
          serial_bayou_shore_b, eino_small_chamber_without_monster,
          infiniplex_staircase_pool, serial_bayou_shore_b, grunt_megastairs_4
Lair:5:   evil_forest, layout_small_grid, serial_bayou_pond_a
Shoals:1: layout_shoals, nicolae_shoals_spectral_cove
Shoals:2: layout_shoals, uniq_donald
Shoals:3: layout_shoals, nzn_prometheus_bound, uniq_polyphemus
Shoals:4: shoals_end_simple, layout_shoals, serial_shops, shop,
          gammafunk_ghost_berserking_beasts, nicolae_shoals_drake_roost
Spider:1: layout_spider_delve
Spider:2: layout_spider_delve, nicolae_looking_at_the_future, uniq_jorgrun
Spider:3: layout_chambers
Spider:4: guppyfry_spider_rune, special_room
Slime:1:  layout_caves
Slime:2:  layout_caves
Slime:3:  layout_caves, nicolae_slime_getting_an_eyeful
Slime:4:  layout_caves
Slime:5
Orc:1:    layout_caves
Orc:2:    grunt_orc_community_town_hall, layout_diamond_mine,
          grunt_orc_community_big_house_2, grunt_orc_community_big_house_2,
          grunt_orc_community_house_1, grunt_orc_community_house_1,
          grunt_orc_community_house_2, grunt_orc_community_house_2, basic_altar,
          portal_ice_cave_entry_ice_simulacra, uniq_maurice, uniq_sonja
Elf:1:    layout_gridlike, serial_corexii_hall, corexii_hall_statues_l,
          chequers_hall_statues_wall_a, portal_desolation_entry_nicolae_slug,
          ploomutoo_gammafunk_ghost_potion_laboratory, hangedman_elf_represent,
          nicolae_elf_w_pinch
Elf:2:    elven_hall_of_blades_hangedman_alternative
          [nicolae_blade_entry_floor_patterns], layout_geoelf_grid, basic_altar
Elf:3:    minmay_elf_hall, layout_geoelf_castle, uniq_louise
Vaults:1: nicolae_vaults_what_the_h, v_pattern_4, ontoclasm_vaults_hangar,
          nicolae_vaults_tetromino_T_1, nicolae_vaults_twisting_passages,
          nicolae_vaults_trapezoid_1, nicolae_vaults_cochlea,
          hangedman_vaults_snaps, nicolae_vaults_storage_closets_1,
          nicolae_vaults_tetromino_L_1, ontoclasm_vaults_idyll,
          nicolae_vaults_three_branches, nicolae_vaults_tetromino_Z_2,
          vaults_dpeg_encased_lava, nicolae_vaults_diamond_1,
          layout_vaults_ring, serial_shops, nicolae_square_shop, shop,
          nicolae_shop_tiny_statue_garden, nicolae_shop_bloodbath_and_beyond
Vaults:2: hangedman_vaults_unwind, ontoclasm_vaults_shuriken,
          hangedman_vaults_corner_blocks, ontoclasm_vaults_ring_small,
          nicolae_vaults_rhombus_6, layout_vaults_chaotic_city
Vaults:3: nicolae_vaults_ninety_degrees, v_misc_12, v_misc_26,
          ontoclasm_vaults_fault, v_misc_11, minmay_crypt_entry_simple_statues,
          v_misc_33, vaults_room_semicircle,
          vaults_room_grunt_arrival_checkpoint, grunt_vaults_hallway_short,
          nicolae_vaults_tetromino_Z_1, vaults_room_semicircle,
          nicolae_vaults_ring_of_whatevers, layout_vaults_omnicross,
          uniq_frederick

Notes
Turn   | Place    | Note
-------+----------+-------------------------------------------
     0 | D:1      | Sobieck the Troll Cinder Acolyte began the quest for the
                  | Orb.
     0 | D:1      | Reached XP level 1. HP: 22/22 MP: 1/1
   114 | D:1      | Reached XP level 2. HP: 29/29 MP: 2/2
   579 | D:2      | Reached XP level 3. HP: 30/36 MP: 3/3
   647 | D:2      | Found a stormy altar of Qazlal.
   700 | D:2      | Reached skill level 4 in Unarmed Combat
   755 | D:2      | Reached XP level 4. HP: 44/44 MP: 4/4
   836 | D:2      | Found a faded altar of an unknown god.
   858 | D:2      | You pick up a book of Spatial Translocations and begin
                  | reading...
   858 | D:2      | You add the spells Blink, Momentum Strike and Lesser
                  | Beckoning to your library.
   892 | D:2      | Reached skill level 3 in Fighting
   892 | D:2      | Reached skill level 1 in Stealth
  1023 | D:2      | You pick up a book of Debilitation and begin reading...
  1023 | D:2      | You add the spells Slow, Vampiric Draining and Confusing
                  | Touch to your library.
  1218 | D:3      | You pick up a book of Callings and begin reading...
  1218 | D:3      | You add the spells Summon Small Mammal, Call Canine
                  | Familiar and Summon Guardian Golem to your library.
  1507 | D:3      | You add the spells Tukima's Dance, Passage of Golubria and
                  | Yara's Violent Unravelling to your library.
  1831 | D:4      | Reached XP level 5. HP: 42/53 MP: 5/5
  2188 | D:4      | Reached skill level 5 in Unarmed Combat
  2251 | D:4      | Found a hazy altar of Hepliaklqana.
  2257 | D:4      | Reached XP level 6. HP: 53/61 MP: 6/6
  2891 | D:5      | Entered Level 5 of the Dungeon
  2908 | D:5      | Reached skill level 6 in Unarmed Combat
  2998 | D:5      | Noticed a water moccasin
  3001 | D:5      | Killed a water moccasin
  3002 | D:5      | Reached skill level 4 in Fighting
  3039 | D:5      | Reached XP level 7. HP: 45/70 MP: 7/7
  3208 | D:5      | Reached skill level 7 in Unarmed Combat
  3354 | D:5      | Found a burning altar of Makhleb.
  3659 | D:5      | Found a radiant altar of Vehumet.
  3934 | D:6      | Noticed a steam dragon
  3944 | D:5      | Killed a steam dragon
  3963 | D:5      | Reached skill level 8 in Unarmed Combat
  3963 | D:5      | Reached XP level 8. HP: 73/79 MP: 8/8
  3976 | D:5      | Reached skill level 5 in Fighting
  4114 | D:6      | HP: 17/80 [ogre/+0 giant club (31)]
  4343 | D:6      | Found a staircase to the Ecumenical Temple.
  4397 | Temple   | Entered the Ecumenical Temple
  4778 | D:6      | Reached skill level 9 in Unarmed Combat
  4954 | D:6      | Identified the +2 helmet "Harchienn" {rC+}
  5325 | D:7      | Reached skill level 6 in Fighting
  5375 | D:7      | Reached skill level 10 in Unarmed Combat
  5375 | D:7      | Reached XP level 9. HP: 84/87 MP: 9/9
  5494 | D:7      | You pick up a book of Air and begin reading...
  5494 | D:7      | You add the spells Shock, Swiftness and Airstrike to your
                  | library.
  5678 | D:7      | Found a transporter.
  5879 | D:7      | Reached skill level 11 in Unarmed Combat
  5986 | D:7      | Found a transporter.
  6005 | D:7      | Reached skill level 7 in Fighting
  6414 | D:8      | Found a bloodstained altar of Trog.
  6657 | D:8      | Maggie the Vainglorious comes into view. She is wielding
                  | the +9 lance "Wyrmbane" {slay drac, rPois rF+ rC+ AC+3} and
                  | carrying a wand of quicksilver (6).
  6657 | D:8      | Noticed Maggie
  6669 | D:8      | Killed Maggie
  6670 | D:8      | Reached skill level 8 in Fighting
  6740 | D:8      | Found a snail-covered altar of Cheibriados.
  6802 | D:8      | Noticed a two-headed ogre
  6811 | D:8      | Reached skill level 1 in Polearms
  6812 | D:8      | Killed a two-headed ogre
  6813 | D:8      | Reached skill level 3 in Polearms
  6813 | D:8      | Reached XP level 10. HP: 94/104 MP: 10/10
  6899 | D:8      | Found a shimmering altar of Xom.
  7071 | D:8      | Reached skill level 4 in Polearms
  7378 | D:9      | Noticed Erolcha
  7457 | D:8      | Killed Erolcha
  7458 | D:8      | Reached skill level 5 in Polearms
  7586 | D:8      | Reached skill level 6 in Polearms
  7613 | D:9      | Found a staircase to the Lair.
  7646 | D:9      | Found a flagged portal.
  7664 | Bailey   | Entered a bailey
  7721 | Bailey   | Noticed an orc knight
  7740 | Bailey   | Killed an orc knight
  7741 | Bailey   | Reached skill level 7 in Polearms
  8078 | Bailey   | Noticed an orc high priest
  8078 | Bailey   | Identified the +5 great mace "Zoexiseq" {heavy, rN+}
  8078 | Bailey   | Identified the +8 chain mail of the Gloaming {Dex+5 Stlth+}
  8078 | Bailey   | Noticed an orc high priest
  8085 | Bailey   | Noticed an orange demon
  8227 | Bailey   | Noticed an orange demon
  8227 | Bailey   | Noticed a soul eater
  8228 | Bailey   | Killed an orc high priest
  8229 | Bailey   | Reached skill level 8 in Polearms
  8229 | Bailey   | Reached XP level 11. HP: 103/111 MP: 11/11
  8267 | Bailey   | Noticed a soul eater
  8268 | Bailey   | Aim: an orc high priest, wielding the +5 great mace
                  | "Zoexiseq" {heavy, rN+} and wearing the +8 chain mail of
                  | the Gloaming {Dex+5 Stlth+} (about 28% to evade the +9
                  | lance "Wyrmbane")
  8268 | Bailey   | Aim: an orc high priest, wielding the +5 great mace
                  | "Zoexiseq" {heavy, rN+} and wearing the +8 chain mail of
                  | the Gloaming {Dex+5 Stlth+} (about 28% to evade the +9
                  | lance "Wyrmbane")
  8269 | Bailey   | Aim: an orc high priest, wielding the +5 great mace
                  | "Zoexiseq" {heavy, rN+} and wearing the +8 chain mail of
                  | the Gloaming {Dex+5 Stlth+} (about 28% to evade the +9
                  | lance "Wyrmbane")
  8269 | Bailey   | Aim: an orc high priest, wielding the +5 great mace
                  | "Zoexiseq" {heavy, rN+} and wearing the +8 chain mail of
                  | the Gloaming {Dex+5 Stlth+} (about 28% to evade the +9
                  | lance "Wyrmbane")
  8338 | Bailey   | Killed an orc high priest
  8374 | Bailey   | Found an iron altar of Okawaru.
  8398 | Bailey   | You pick up a book of Displacement and begin reading...
  8398 | Bailey   | You add the spells Gell's Gravitas and Teleport Other to
                  | your library.
  8420 | Bailey   | Identified the +1 robe of Resilience {Str+3 Int-4 Dex+3}
  8599 | D:9      | You pick up a book of Lightning and begin reading...
  8599 | D:9      | You add the spells Vhi's Electric Charge, Arcjolt and
                  | Plasma Beam to your library.
  8643 | D:9      | You pick up a book of Frost and begin reading...
  8643 | D:9      | You add the spells Freeze, Frozen Ramparts and Hailstorm to
                  | your library.
  8801 | D:8      | Reached skill level 9 in Polearms
  8952 | D:9      | Noticed a deep elf pyromancer
  8983 | D:9      | Killed a deep elf pyromancer
  9353 | D:9      | Found a sparkling altar of Nemelex Xobeh.
  9485 | D:10     | Entered Level 10 of the Dungeon
  9485 | D:10     | Found a shadowy altar of Dithmenos.
  9512 | D:10     | Identified the +15 plate armour of Wonder {Harm Regen+}
  9602 | D:10     | Found a runed translucent door.
  9605 | D:10     | Identified the +9 trident of the Last Beggars {freeze,
                  | rPois Will+ Stlth-}
  9605 | D:10     | Noticed AiryTheDragon's ghost (novice DsHW)
  9606 | D:10     | Noticed a spriggan rider
  9887 | D:10     | Found a staircase to the Orcish Mines.
 10010 | D:10     | Reached skill level 10 in Polearms
 10015 | D:10     | Identified the amulet "Maiceol" {Acrobat rElec rC+}
 10612 | Lair:1   | Entered Level 1 of the Lair of Beasts
 10624 | Lair:1   | You pick up a book of Cantrips and begin reading...
 10624 | Lair:1   | You add the spells Necrotise and Apportation to your
                  | library.
 10775 | Lair:1   | Noticed a catoblepas
 10835 | Lair:1   | Killed a catoblepas
 10855 | Lair:1   | Reached skill level 11 in Polearms
 11019 | Lair:1   | Reached XP level 12. HP: 120/120 MP: 12/12
 11213 | Lair:1   | Reached skill level 12 in Polearms
 11934 | Lair:2   | Reached skill level 9 in Fighting
 12372 | Lair:2   | Found a staircase to the Shoals.
 12912 | Lair:2   | Reached skill level 1 in Shields
 13021 | Lair:3   | Noticed TheSexyCheese's ghost (journeyman OgFE)
 13024 | Lair:3   | Found a runed translucent door.
 13045 | Lair:3   | Reached skill level 2 in Shields
 13098 | Lair:3   | You pick up a book of Blood and begin reading...
 13098 | Lair:3   | You add the spells Sublimation of Blood, Wereblood and
                  | Summon Hydra to your library.
 13102 | Lair:3   | Reached skill level 10 in Fighting
 13114 | Lair:3   | Found a hole to the Spider Nest.
 13150 | Lair:3   | You pick up a book of Spatial Translocations and begin
                  | reading...
 13182 | Lair:3   | Reached skill level 3 in Shields
 13384 | Lair:3   | Found the +2 hood of the Assassin {Detect Stab+ Stlth++}
 13578 | Lair:3   | Reached skill level 4 in Shields
 14081 | Lair:4   | Reached skill level 5 in Shields
 14085 | Lair:4   | You pick up a book of Spatial Translocations and begin
                  | reading...
 14370 | Lair:4   | Acquired 848 gold pieces
 14372 | Lair:4   | Acquired a +2 tower shield of fire resistance
 14446 | Lair:4   | Reached XP level 13. HP: 135/135 MP: 13/13
 14571 | Lair:4   | Reached skill level 6 in Shields
 14740 | Lair:4   | You pick up a book of Vapours and begin reading...
 14740 | Lair:4   | You add the spells Poisonous Vapours, Mephitic Cloud and
                  | Freezing Cloud to your library.
 14819 | Lair:4   | Found a staircase to the Slime Pits.
 14823 | Lair:4   | Found a viscous altar of Jiyva.
 14876 | Lair:4   | Reached skill level 7 in Shields
 14961 | Lair:4   | Fell from the grace of Ignis
 14961 | Lair:4   | Became a worshipper of Jiyva Joynlaci the Shapeless
 15374 | Lair:5   | Entered Level 5 of the Lair of Beasts
 15501 | Lair:4   | Reached skill level 11 in Fighting
 15602 | Lair:4   | Reached skill level 8 in Shields
 16011 | Lair:4   | Reached skill level 9 in Shields
 16210 | Lair:5   | You pick up a book of the Earth and begin reading...
 16210 | Lair:5   | You add the spells Leda's Liquefaction, Lee's Rapid
                  | Deconstruction and Statue Form to your library.
 16472 | Lair:5   | Reached * piety under Jiyva
 16701 | Lair:5   | Reached skill level 10 in Shields
 16771 | Lair:5   | Reached XP level 14. HP: 128/148 MP: 14/14
 16928 | Lair:5   | Reached skill level 12 in Fighting
 17008 | Lair:5   | Reached skill level 11 in Shields
 17577 | Lair:5   | Reached skill level 12 in Shields
 18266 | D:11     | Reached ** piety under Jiyva
 18370 | D:11     | Found Tuumpiun's Island Escapes.
 18380 | D:11     | Bought a scroll of blinking for 112 gold pieces
 18394 | D:11     | Found Jeritun's Distillery.
 18400 | D:11     | Bought a potion of might for 56 gold pieces
 18400 | D:11     | Bought a potion of might for 56 gold pieces
 18609 | D:12     | Found a sacrificial altar of Ru.
 18745 | D:12     | Noticed Lodul
 18763 | D:12     | Killed Lodul
 18928 | D:12     | Found a runed translucent door.
 18931 | D:12     | You fall into a shaft and drop 2 floors!
 18989 | D:13     | Reached *** piety under Jiyva
 19063 | D:12     | Reached skill level 13 in Shields
 19063 | D:12     | Gained mutation: Your body has grown eyes which may confuse
                  | attackers. (Acc +3) [Jiyva's grace]
 19063 | D:12     | Gained mutation: Your body has grown many eyes which may
                  | confuse attackers. (Acc +5) [Jiyva's grace]
 19063 | D:12     | Gained mutation: Your body is covered in eyes which may
                  | confuse attackers. (Acc +7, SInv) [Jiyva's grace]
 19063 | D:12     | Gained mutation: Your muscles are strong. (Str +4, Int/Dex
                  | -1) [Jiyva's grace]
 19094 | D:12     | You fall into a shaft and drop 1 floor!
 19532 | D:12     | Noticed logorrheac's ghost (journeyman TrBe)
 19568 | D:12     | Was forgiven by Ignis
 19698 | D:13     | Reached **** piety under Jiyva
 19769 | D:13     | Found a gate to the Vaults.
 20063 | D:13     | Found a portal to a secret trove of treasure.
 20071 | D:13     | This trove needs +3 storm dragon scales to function. Give
                  | it the item?
 20241 | D:14     | You pick up a book of the Warp and begin reading...
 20241 | D:14     | You add the spells Manifold Assault, Dispersal and
                  | Disjunction to your library.
 20519 | D:14     | Reached ***** piety under Jiyva
 20520 | D:14     | Found the +3 pair of seven-league boots {Rampage+∞}
 20581 | D:14     | Reached skill level 14 in Shields
 20715 | D:14     | Reached XP level 15. HP: 120/156 MP: 15/15
 21005 | D:15     | Entered Level 15 of the Dungeon
 21151 | D:15     | Found a staircase to the Depths.
 21389 | D:15     | Gained mutation: Your rubbery body absorbs attacks. (AC +1,
                  | EV +1) [Jiyva's grace]
 21389 | D:15     | Gained mutation: Your pliable body absorbs attacks. (AC +2,
                  | EV +2) [Jiyva's grace]
 21389 | D:15     | Gained mutation: Your gelatinous body deflects attacks. (AC
                  | +3, EV +3) [Jiyva's grace]
 21389 | D:15     | Gained mutation: Your melee attacks may engulf your foes in
                  | ooze. [Jiyva's grace]
 21674 | D:15     | Reached skill level 15 in Shields
 22394 | D:15     | Found an opulent altar of Gozag.
 22641 | Orc:1    | Entered Level 1 of the Orcish Mines
 22755 | Orc:1    | Reached skill level 1 in Throwing
 22757 | Orc:1    | Reached skill level 1 in Dodging
 22897 | Orc:1    | Reached ****** piety under Jiyva
 23025 | Slime:1  | Entered Level 1 of the Pits of Slime
 23025 | Slime:1  | Noticed an azure jelly
 23033 | Slime:1  | Noticed a rockslime
 23046 | Slime:2  | Noticed an acid blob
 23069 | Slime:5  | Entered Level 5 of the Pits of Slime
 23083 | Slime:5  | Noticed an acid blob
 23088 | Slime:5  | Found a viscous altar of Jiyva.
 23091 | Slime:5  | Noticed an acid blob
 23092 | Slime:5  | Noticed an acid blob
 23094 | Slime:5  | Noticed an acid blob
 23101 | Slime:5  | Identified the scarf "Gecuech" {+Inv, Will+ Dex+4 Stlth+}
 23111 | Slime:5  | You add the spells Foxfire, Fireball and Fire Storm to your
                  | library.
 23111 | Slime:5  | Got the Excursus on the Coruscating Valley
 23113 | Slime:5  | Noticed an acid blob
 23120 | Slime:5  | Got a slimy rune of Zot
 23121 | Slime:5  | Identified the staff of earth "Mesh" {rC++ rN+ Int+2 Dex-3}
 23150 | Slime:5  | Noticed the Royal Jelly
 23153 | Slime:5  | Noticed an acid blob
 23155 | Slime:5  | Noticed an acid blob
 23222 | Slime:1  | Noticed a rockslime
 23553 | Orc:2    | Entered Level 2 of the Orcish Mines
 23685 | Orc:2    | Noticed Sonja
 23697 | Orc:2    | Killed Sonja
 23698 | Orc:2    | Reached skill level 2 in Throwing
 23732 | Orc:2    | Reached skill level 2 in Dodging
 23777 | Orc:2    | Gained mutation: Armour fits poorly on your pseudopods.
                  | [Jiyva's grace]
 23777 | Orc:2    | Gained mutation: Armour fits poorly on your large
                  | pseudopods. [Jiyva's grace]
 23777 | Orc:2    | Gained mutation: Armour fits poorly on your massive
                  | pseudopods. [Jiyva's grace]
 23777 | Orc:2    | Gained mutation: You have a pair of small horns on your
                  | head. [Jiyva's grace]
 23844 | Orc:2    | Reached skill level 3 in Throwing
 23848 | Orc:2    | Found Loidiar's Antique Weapon Shop.
 23853 | Orc:2    | Found Juontoc's Antique Armour Boutique.
 24008 | Orc:2    | Reached skill level 3 in Dodging
 24053 | Orc:2    | Found a frozen archway.
 24069 | IceCv    | Entered an ice cave
 24722 | IceCv    | Reached skill level 4 in Throwing
 24745 | IceCv    | You pick up a book of Changes and begin reading...
 24745 | IceCv    | You add the spells Beastly Appendage and Spider Form to
                  | your library.
 24808 | Orc:2    | Noticed Maurice
 24816 | Orc:2    | Killed Maurice
 24826 | Orc:2    | Found a staircase to the Elven Halls.
 24950 | Orc:2    | Found Fujis's Jewellery Emporium.
 24962 | Orc:2    | Reached skill level 4 in Dodging
 25094 | Orc:2    | Found Ofur's General Store.
 25273 | Elf:1    | Entered Level 1 of the Elven Halls
 25386 | Elf:1    | Reached skill level 5 in Throwing
 25424 | Elf:1    | Reached skill level 5 in Dodging
 25471 | Elf:1    | Found a crumbling gateway.
 25507 | Elf:1    | Identified the +2 flail "Ginad" {heavy, Fragile rPois
                  | Str+6}
 25515 | Elf:1    | Reached skill level 1 in Evocations
 25592 | Elf:1    | Found a runed translucent gate.
 25592 | Elf:1    | Found a runed translucent gate.
 25592 | Elf:1    | Found a runed translucent gate.
 25592 | Elf:1    | Noticed a tentacled monstrosity
 25592 | Elf:1    | Noticed a tentacled monstrosity
 25593 | Elf:1    | Noticed a tentacled monstrosity
 25619 | Elf:1    | Reached skill level 2 in Evocations
 25681 | Elf:1    | Reached skill level 6 in Throwing
 25738 | Elf:1    | Lost mutation: Your gelatinous body deflects attacks. (AC
                  | +3, EV +3) [Jiyva's grace]
 25738 | Elf:1    | Lost mutation: Armour fits poorly on your massive
                  | pseudopods. [Jiyva's grace]
 25738 | Elf:1    | Gained mutation: You have acidic saliva. [Jiyva's grace]
 25738 | Elf:1    | Gained mutation: Your system is resistant to poisons.
                  | (rPois) [Jiyva's grace]
 25738 | Elf:1    | Gained mutation: You expend magic power (3 MP) to
                  | strengthen your wands. [Jiyva's grace]
 25738 | Elf:1    | Gained mutation: Your gelatinous body deflects attacks. (AC
                  | +3, EV +3) [Jiyva's grace]
 25888 | Elf:1    | Reached XP level 16. HP: 161/165 MP: 16/16
 25927 | Elf:1    | Identified the +1 pair of gloves "Nyssisij" {Dex+5 Stlth+}
 25944 | Elf:1    | Reached skill level 3 in Evocations
 26472 | Elf:2    | Reached skill level 7 in Throwing
 26472 | Elf:2    | Reached skill level 4 in Evocations
 26602 | Elf:2    | Reached skill level 6 in Dodging
 26614 | Elf:2    | Found a radiant altar of Vehumet.
 26814 | Elf:2    | Reached skill level 7 in Dodging
 26837 | Elf:2    | Found a huge runed translucent gate.
 26837 | Elf:2    | Found a huge runed translucent gate.
 26837 | Elf:2    | Found a huge runed translucent gate.
 26837 | Elf:2    | Found a huge runed translucent gate.
 26838 | Elf:2    | Found a huge runed translucent gate.
 27037 | Elf:3    | Entered Level 3 of the Elven Halls
 27227 | Elf:3    | Reached skill level 8 in Throwing
 27835 | Elf:3    | Noticed a deep elf master archer
 27836 | Elf:3    | Noticed a deep elf blademaster
 27836 | Elf:3    | Noticed a deep elf master archer
 27846 | Elf:3    | Noticed a deep elf blademaster
 27847 | Elf:3    | Noticed a deep elf blademaster
 27852 | Elf:3    | Noticed a deep elf blademaster
 27854 | Elf:3    | Killed a deep elf blademaster
 27859 | Elf:3    | Killed a deep elf blademaster
 27860 | Elf:3    | Reached skill level 9 in Throwing
 27865 | Elf:3    | Noticed a Brimstone Fiend
 27866 | Elf:3    | Killed a deep elf blademaster
 27867 | Elf:3    | HP: 38/165 [???[a deep elf demonologist] (35)]
 27869 | Elf:3    | Killed a deep elf master archer
 27874 | Elf:3    | Killed a deep elf blademaster
 27881 | Elf:3    | Killed a deep elf master archer
 27882 | Elf:3    | Reached skill level 8 in Dodging
 28002 | Elf:3    | Identified the +0 fire dragon scales "Assoth" {+Inv rF++
                  | rC-}
 28002 | Elf:3    | Noticed a deep elf master archer
 28081 | Elf:3    | Identified the amulet "Ziban" {Reflect rF+ rN+ Dex+3 SH+5}
 28081 | Elf:3    | Noticed a deep elf blademaster
 28107 | Elf:3    | Slimified a deep elf blademaster
 28107 | Elf:3    | a deep elf blademaster changed into an acid blob
 28107 | Elf:3    | Noticed an acid blob
 28113 | Elf:3    | Identified the +5 morningstar "Newt's Doom" {flame, Dex+3}
 28113 | Elf:3    | Noticed Louise
 28149 | Elf:3    | Killed Louise
 28153 | Elf:3    | Identified the staff of conjuration "Ikkuq" {rF+}
 28155 | Elf:3    | Identified the +1 glaive of Twilight {speed, Str+2}
 28155 | Elf:3    | Found the +7 Spriggan's Knife {stab, EV+4 Stlth+}
 28159 | Elf:3    | Identified the +1 scimitar of Moral Flaws {holy, Drain
                  | Str+4 SInv Stlth+}
 28162 | Elf:3    | Got the Folio of Comburant Space
 28187 | Elf:3    | Identified the staff of fire "Maadud" {rF+ Str+2}
 28194 | Elf:3    | Identified the +12 flail "Uxipaeziuc" {antimagic, *Noise
                  | Str+3 Dex+3}
 28765 | Lair:5   | Reached skill level 9 in Dodging
 28768 | Lair:5   | Found a burning altar of Makhleb.
 28774 | Lair:5   | Found a gateway to Hell.
 28782 | Lair:5   | You add the spells Alistair's Intoxication and Storm Form
                  | to your library.
 28782 | Lair:5   | Got the Discursus on Evolution
 28945 | Spider:1 | Entered Level 1 of the Spider Nest
 29158 | Spider:1 | Lost mutation: You have a pair of small horns on your head.
                  | [Jiyva's grace]
 29158 | Spider:1 | Lost mutation: Your body is covered in eyes which may
                  | confuse attackers. (Acc +7, SInv) [Jiyva's grace]
 29158 | Spider:1 | Lost mutation: Your gelatinous body deflects attacks. (AC
                  | +3, EV +3) [Jiyva's grace]
 29158 | Spider:1 | Gained mutation: You are covered in slimy tendrils that may
                  | disarm your opponents. [Jiyva's grace]
 29158 | Spider:1 | Gained mutation: You have a pair of small antennae on your
                  | head. [Jiyva's grace]
 29158 | Spider:1 | Gained mutation: You have a pair of antennae on your head.
                  | [Jiyva's grace]
 29158 | Spider:1 | Gained mutation: You have a pair of large antennae on your
                  | head. (SInv) [Jiyva's grace]
 29211 | Spider:1 | You pick up a book of the Hunter and begin reading...
 29271 | Spider:1 | Reached XP level 17. HP: 172/172 MP: 17/17
 29680 | Spider:1 | Reached skill level 10 in Throwing
 30216 | Spider:2 | Reached skill level 11 in Throwing
 30271 | Spider:2 | Noticed Jorgrun
 30276 | Spider:2 | Aim: Jorgrun, wielding a +0 heavy quarterstaff and wearing
                  | a +2 robe of fire resistance (lightly wounded, ally target,
                  | magic disrupted, about 31% to evade the +10 lance
                  | "Wyrmbane")
 30276 | Spider:2 | Aim: Jorgrun, wielding a +0 heavy quarterstaff and wearing
                  | a +2 robe of fire resistance (lightly wounded, ally target,
                  | magic disrupted, about 31% to evade the +10 lance
                  | "Wyrmbane")
 30278 | Spider:2 | Aim: Jorgrun, wielding a +0 heavy quarterstaff and wearing
                  | a +2 robe of fire resistance (moderately wounded,
                  | asphyxiating, ally target, magic disrupted, about 31% to
                  | evade the +10 lance "Wyrmbane")
 30278 | Spider:2 | Aim: Jorgrun, wielding a +0 heavy quarterstaff and wearing
                  | a +2 robe of fire resistance (moderately wounded,
                  | asphyxiating, ally target, magic disrupted, about 31% to
                  | evade the +10 lance "Wyrmbane")
 30278 | Spider:2 | Slimified Jorgrun
 30278 | Spider:2 | Jorgrun changed into Jorgrun the azure jelly
 30278 | Spider:2 | Noticed Jorgrun
 30643 | Spider:2 | Reached skill level 10 in Dodging
 31762 | Spider:3 | Lost mutation: You are covered in slimy tendrils that may
                  | disarm your opponents. [Jiyva's grace]
 31762 | Spider:3 | Lost mutation: Your melee attacks may engulf your foes in
                  | ooze. [Jiyva's grace]
 31762 | Spider:3 | Gained mutation: Your flesh is heat resistant. (rF+)
                  | [Jiyva's grace]
 31762 | Spider:3 | Gained mutation: Your flesh is very heat resistant. (rF++)
                  | [Jiyva's grace]
 31762 | Spider:3 | Gained mutation: Your flesh is almost immune to the effects
                  | of heat. (rF+++) [Jiyva's grace]
 31762 | Spider:3 | Gained mutation: Your translucent skin slightly reduces
                  | your foes' accuracy. (Stealth+) [Jiyva's grace]
 31881 | Spider:3 | Reached skill level 11 in Dodging
 32147 | Spider:4 | Entered Level 4 of the Spider Nest
 32227 | Spider:4 | You pick up a book of Lightning and begin reading...
 32703 | Spider:3 | Reached skill level 12 in Throwing
 32894 | Spider:4 | Identified the +0 plate armour of Cynicism {rPois rC+++
                  | Dex-4 Stlth+}
 33195 | Spider:4 | Got a gossamer rune of Zot
 33534 | Shoals:1 | Entered Level 1 of the Shoals
 33648 | Shoals:1 | Reached XP level 18. HP: 181/182 MP: 18/18
 33681 | Shoals:1 | Reached skill level 13 in Throwing
 34309 | Shoals:1 | HP: 40/182 [water nymph/the raging water (19)]
 34366 | Shoals:1 | Lost mutation: You have a pair of large antennae on your
                  | head. (SInv) [Jiyva's grace]
 34366 | Shoals:1 | Lost mutation: Your flesh is almost immune to the effects
                  | of heat. (rF+++) [Jiyva's grace]
 34366 | Shoals:1 | Lost mutation: Your flesh is very heat resistant. (rF++)
                  | [Jiyva's grace]
 34366 | Shoals:1 | Lost mutation: You have acidic saliva. [Jiyva's grace]
 34366 | Shoals:1 | Lost mutation: Your pliable body absorbs attacks. (AC +2,
                  | EV +2) [Jiyva's grace]
 34366 | Shoals:1 | Lost mutation: Your rubbery body absorbs attacks. (AC +1,
                  | EV +1) [Jiyva's grace]
 34366 | Shoals:1 | Gained mutation: You are covered in thick fur. (AC +2)
                  | [Jiyva's grace]
 34366 | Shoals:1 | Gained mutation: Your thick and shaggy fur keeps you warm.
                  | (AC +3, rC+) [Jiyva's grace]
 34366 | Shoals:1 | Gained mutation: You have large cloven feet. [Jiyva's
                  | grace]
 34366 | Shoals:1 | Gained mutation: You have hoof-like feet. [Jiyva's grace]
 34583 | Shoals:2 | Noticed Donald
 34607 | Shoals:2 | Killed Donald
 34704 | Shoals:2 | You add the spells Sting and Sticky Flame to your library.
 34704 | Shoals:2 | Got Sif Muna's Essays on Limned Shapes
 35393 | Shoals:3 | Noticed Polyphemus
 35414 | Shoals:3 | Reached skill level 12 in Dodging
 35426 | Shoals:3 | Aim: a merfolk, wielding a +0 trident and quivering
                  | boomerangs (severely wounded, about 25% to evade the +10
                  | lance "Wyrmbane")
 35426 | Shoals:3 | Aim: a merfolk, wielding a +0 trident and quivering
                  | boomerangs (severely wounded, about 25% to evade the +10
                  | lance "Wyrmbane")
 35452 | Shoals:3 | Killed Polyphemus
 36036 | Shoals:4 | Entered Level 4 of the Shoals
 36119 | Shoals:4 | Found a transporter.
 36301 | Shoals:4 | Reached skill level 13 in Dodging
 36371 | Shoals:4 | Identified the orb of Resonance {*Rage, Drain Will- Str+8
                  | Int+5}
 36381 | Shoals:4 | Lost mutation: You have a pair of antennae on your head.
                  | [Jiyva's grace]
 36381 | Shoals:4 | Lost mutation: Your flesh is heat resistant. (rF+) [Jiyva's
                  | grace]
 36381 | Shoals:4 | Lost mutation: Your thick and shaggy fur keeps you warm.
                  | (AC +3, rC+) [Jiyva's grace]
 36381 | Shoals:4 | Lost mutation: Armour fits poorly on your large pseudopods.
                  | [Jiyva's grace]
 36381 | Shoals:4 | Gained mutation: You have hooves in place of feet. [Jiyva's
                  | grace]
 36381 | Shoals:4 | Gained mutation: You have a small jelly attached to you
                  | that may absorb projectiles. [Jiyva's grace]
 36381 | Shoals:4 | Gained mutation: Armour fits poorly on your large
                  | pseudopods. [Jiyva's grace]
 36381 | Shoals:4 | Gained mutation: Armour fits poorly on your massive
                  | pseudopods. [Jiyva's grace]
 36390 | Shoals:4 | Found Anonix's Antique Weapon Boutique.
 36506 | Shoals:4 | Found a transporter.
 36558 | Shoals:4 | Noticed jlumianski's ghost (adept DsFi)
 36596 | Shoals:4 | Aim: a merfolk javelineer, wielding a +0 spear, wearing a
                  | +0 leather armour and quivering silver javelins (about 25%
                  | to evade the +10 lance "Wyrmbane")
 36596 | Shoals:4 | Aim: a merfolk javelineer, wielding a +0 spear, wearing a
                  | +0 leather armour and quivering silver javelins (about 25%
                  | to evade the +10 lance "Wyrmbane")
 36600 | Shoals:4 | Aim: a merfolk javelineer, wielding a +0 spear, wearing a
                  | +0 leather armour and quivering silver javelins (heavily
                  | wounded, about 25% to evade the +10 lance "Wyrmbane")
 36600 | Shoals:4 | Aim: a merfolk javelineer, wielding a +0 spear, wearing a
                  | +0 leather armour and quivering silver javelins (heavily
                  | wounded, about 25% to evade the +10 lance "Wyrmbane")
 36601 | Shoals:4 | Aim: a merfolk javelineer, wielding a +0 spear, wearing a
                  | +0 leather armour and quivering silver javelins (heavily
                  | wounded, about 25% to evade the +10 lance "Wyrmbane")
 36601 | Shoals:4 | Aim: a merfolk javelineer, wielding a +0 spear, wearing a
                  | +0 leather armour and quivering silver javelins (heavily
                  | wounded, about 25% to evade the +10 lance "Wyrmbane")
 36602 | Shoals:4 | Aim: a merfolk javelineer, wielding a +0 spear, wearing a
                  | +0 leather armour and quivering silver javelins (almost
                  | dead, about 25% to evade the +10 lance "Wyrmbane")
 36602 | Shoals:4 | Aim: a merfolk javelineer, wielding a +0 spear, wearing a
                  | +0 leather armour and quivering silver javelins (almost
                  | dead, about 25% to evade the +10 lance "Wyrmbane")
 36603 | Shoals:4 | Aim: a merfolk javelineer, wielding a +0 spear, wearing a
                  | +0 leather armour and quivering silver javelins (almost
                  | dead, about 25% to evade the +10 lance "Wyrmbane")
 36603 | Shoals:4 | Aim: a merfolk javelineer, wielding a +0 spear, wearing a
                  | +0 leather armour and quivering silver javelins (almost
                  | dead, about 25% to evade the +10 lance "Wyrmbane")
 36604 | Shoals:4 | Aim: a merfolk impaler, wielding a +0 trident of venom and
                  | wearing a +0 robe (lightly wounded, about 37% to evade the
                  | +10 lance "Wyrmbane")
 36604 | Shoals:4 | Aim: a merfolk impaler, wielding a +0 trident of venom and
                  | wearing a +0 robe (lightly wounded, about 37% to evade the
                  | +10 lance "Wyrmbane")
 36605 | Shoals:4 | Aim: a merfolk impaler, wielding a +0 trident of venom and
                  | wearing a +0 robe (moderately wounded, about 37% to evade
                  | the +10 lance "Wyrmbane")
 36605 | Shoals:4 | Aim: a merfolk impaler, wielding a +0 trident of venom and
                  | wearing a +0 robe (moderately wounded, about 37% to evade
                  | the +10 lance "Wyrmbane")
 36606 | Shoals:4 | Aim: a merfolk impaler, wielding a +0 trident of venom and
                  | wearing a +0 robe (heavily wounded, about 37% to evade the
                  | +10 lance "Wyrmbane")
 36606 | Shoals:4 | Aim: a merfolk impaler, wielding a +0 trident of venom and
                  | wearing a +0 robe (heavily wounded, about 37% to evade the
                  | +10 lance "Wyrmbane")
 36607 | Shoals:4 | Aim: a merfolk impaler, wielding a +0 trident of venom and
                  | wearing a +0 robe (heavily wounded, about 37% to evade the
                  | +10 lance "Wyrmbane")
 36607 | Shoals:4 | Aim: a merfolk impaler, wielding a +0 trident of venom and
                  | wearing a +0 robe (heavily wounded, about 37% to evade the
                  | +10 lance "Wyrmbane")
 36608 | Shoals:4 | Aim: a merfolk impaler, wielding a +0 trident of venom and
                  | wearing a +0 robe (severely wounded, about 37% to evade the
                  | +10 lance "Wyrmbane")
 36608 | Shoals:4 | Aim: a merfolk impaler, wielding a +0 trident of venom and
                  | wearing a +0 robe (severely wounded, about 37% to evade the
                  | +10 lance "Wyrmbane")
 36609 | Shoals:4 | Aim: a merfolk impaler, wielding a +0 trident of venom and
                  | wearing a +0 robe (severely wounded, about 37% to evade the
                  | +10 lance "Wyrmbane")
 36609 | Shoals:4 | Aim: a merfolk impaler, wielding a +0 trident of venom and
                  | wearing a +0 robe (severely wounded, about 37% to evade the
                  | +10 lance "Wyrmbane")
 36610 | Shoals:4 | Aim: a merfolk impaler, wielding a +0 trident of venom and
                  | wearing a +0 robe (almost dead, about 37% to evade the +10
                  | lance "Wyrmbane")
 36610 | Shoals:4 | Aim: a merfolk impaler, wielding a +0 trident of venom and
                  | wearing a +0 robe (almost dead, about 37% to evade the +10
                  | lance "Wyrmbane")
 36611 | Shoals:4 | Aim: a merfolk, wielding a +0 trident (almost dead, about
                  | 25% to evade the +10 lance "Wyrmbane")
 36611 | Shoals:4 | Aim: a merfolk, wielding a +0 trident (almost dead, about
                  | 25% to evade the +10 lance "Wyrmbane")
 36612 | Shoals:4 | Aim: a merfolk impaler, wielding a +2 antimagic trident and
                  | wearing a +0 robe (about 37% to evade the +10 lance
                  | "Wyrmbane")
 36612 | Shoals:4 | Aim: a merfolk impaler, wielding a +2 antimagic trident and
                  | wearing a +0 robe (about 37% to evade the +10 lance
                  | "Wyrmbane")
 36613 | Shoals:4 | Aim: a merfolk impaler, wielding a +2 antimagic trident and
                  | wearing a +0 robe (lightly wounded, about 37% to evade the
                  | +10 lance "Wyrmbane")
 36613 | Shoals:4 | Aim: a merfolk impaler, wielding a +2 antimagic trident and
                  | wearing a +0 robe (lightly wounded, about 37% to evade the
                  | +10 lance "Wyrmbane")
 36614 | Shoals:4 | Aim: a merfolk impaler, wielding a +2 antimagic trident and
                  | wearing a +0 robe (heavily wounded, about 37% to evade the
                  | +10 lance "Wyrmbane")
 36614 | Shoals:4 | Aim: a merfolk impaler, wielding a +2 antimagic trident and
                  | wearing a +0 robe (heavily wounded, about 37% to evade the
                  | +10 lance "Wyrmbane")
 36615 | Shoals:4 | Aim: a merfolk impaler, wielding a +2 antimagic trident and
                  | wearing a +0 robe (almost dead, about 37% to evade the +10
                  | lance "Wyrmbane")
 36615 | Shoals:4 | Aim: a merfolk impaler, wielding a +2 antimagic trident and
                  | wearing a +0 robe (almost dead, about 37% to evade the +10
                  | lance "Wyrmbane")
 36616 | Shoals:4 | Aim: a merfolk impaler, wielding a +2 antimagic trident and
                  | wearing a +0 robe (almost dead, about 37% to evade the +10
                  | lance "Wyrmbane")
 36616 | Shoals:4 | Aim: a merfolk impaler, wielding a +2 antimagic trident and
                  | wearing a +0 robe (almost dead, about 37% to evade the +10
                  | lance "Wyrmbane")
 36621 | Shoals:4 | Aim: a merfolk impaler, wielding a +0 trident and wearing a
                  | +0 robe (lightly wounded, about 37% to evade the +10 lance
                  | "Wyrmbane")
 36621 | Shoals:4 | Aim: a merfolk impaler, wielding a +0 trident and wearing a
                  | +0 robe (lightly wounded, about 37% to evade the +10 lance
                  | "Wyrmbane")
 36622 | Shoals:4 | Aim: a merfolk impaler, wielding a +0 trident and wearing a
                  | +0 robe (lightly wounded, about 37% to evade the +10 lance
                  | "Wyrmbane")
 36622 | Shoals:4 | Aim: a merfolk impaler, wielding a +0 trident and wearing a
                  | +0 robe (lightly wounded, about 37% to evade the +10 lance
                  | "Wyrmbane")
 36623 | Shoals:4 | Aim: a merfolk impaler, wielding a +0 trident and wearing a
                  | +0 robe (lightly wounded, about 37% to evade the +10 lance
                  | "Wyrmbane")
 36623 | Shoals:4 | Aim: a merfolk impaler, wielding a +0 trident and wearing a
                  | +0 robe (lightly wounded, about 37% to evade the +10 lance
                  | "Wyrmbane")
 36624 | Shoals:4 | Aim: a merfolk impaler, wielding a +0 trident and wearing a
                  | +0 robe (moderately wounded, about 37% to evade the +10
                  | lance "Wyrmbane")
 36624 | Shoals:4 | Aim: a merfolk impaler, wielding a +0 trident and wearing a
                  | +0 robe (moderately wounded, about 37% to evade the +10
                  | lance "Wyrmbane")
 36625 | Shoals:4 | Aim: a merfolk impaler, wielding a +0 trident and wearing a
                  | +0 robe (heavily wounded, about 37% to evade the +10 lance
                  | "Wyrmbane")
 36625 | Shoals:4 | Aim: a merfolk impaler, wielding a +0 trident and wearing a
                  | +0 robe (heavily wounded, about 37% to evade the +10 lance
                  | "Wyrmbane")
 36626 | Shoals:4 | Aim: a merfolk impaler, wielding a +0 trident and wearing a
                  | +0 robe (heavily wounded, about 37% to evade the +10 lance
                  | "Wyrmbane")
 36626 | Shoals:4 | Aim: a merfolk impaler, wielding a +0 trident and wearing a
                  | +0 robe (heavily wounded, about 37% to evade the +10 lance
                  | "Wyrmbane")
 36627 | Shoals:4 | Aim: a merfolk impaler, wielding a +0 trident and wearing a
                  | +0 robe (severely wounded, about 37% to evade the +10 lance
                  | "Wyrmbane")
 36627 | Shoals:4 | Aim: a merfolk impaler, wielding a +0 trident and wearing a
                  | +0 robe (severely wounded, about 37% to evade the +10 lance
                  | "Wyrmbane")
 36628 | Shoals:4 | Aim: a merfolk impaler, wielding a +0 trident and wearing a
                  | +0 robe (almost dead, about 37% to evade the +10 lance
                  | "Wyrmbane")
 36628 | Shoals:4 | Aim: a merfolk impaler, wielding a +0 trident and wearing a
                  | +0 robe (almost dead, about 37% to evade the +10 lance
                  | "Wyrmbane")
 36629 | Shoals:4 | Aim: a merfolk impaler, wielding a +0 trident and wearing a
                  | +0 robe (almost dead, about 37% to evade the +10 lance
                  | "Wyrmbane")
 36629 | Shoals:4 | Aim: a merfolk impaler, wielding a +0 trident and wearing a
                  | +0 robe (almost dead, about 37% to evade the +10 lance
                  | "Wyrmbane")
 36630 | Shoals:4 | Aim: a merfolk impaler, wielding a +0 trident and wearing a
                  | +0 robe (almost dead, about 37% to evade the +10 lance
                  | "Wyrmbane")
 36630 | Shoals:4 | Aim: a merfolk impaler, wielding a +0 trident and wearing a
                  | +0 robe (almost dead, about 37% to evade the +10 lance
                  | "Wyrmbane")
 36631 | Shoals:4 | Aim: a merfolk impaler, wielding a +0 trident and wearing a
                  | +0 robe (almost dead, about 37% to evade the +10 lance
                  | "Wyrmbane")
 36631 | Shoals:4 | Aim: a merfolk impaler, wielding a +0 trident and wearing a
                  | +0 robe (almost dead, about 37% to evade the +10 lance
                  | "Wyrmbane")
 36646 | Shoals:4 | Got a barnacled rune of Zot
 36716 | Shoals:4 | Reached skill level 14 in Throwing
 36721 | Shoals:4 | You add the spells Animate Dead, Simulacrum and Infestation
                  | to your library.
 36721 | Shoals:4 | Got Gloorx Vloq's Parchment of the Crypt
 37312 | Vaults:1 | Entered Level 1 of the Vaults
 37593 | Vaults:1 | Reached skill level 15 in Throwing
 37648 | Vaults:1 | Reached XP level 19. HP: 191/191 MP: 19/19
 37703 | Vaults:1 | Upgraded the game from 0.30-a0-1163-gf69bf04e7a to
                  | 0.30-a0-1164-ge08a67761e
 37917 | Vaults:1 | Reached skill level 13 in Fighting
 37923 | Vaults:1 | Found Wefaops's Armour Emporium.
 38312 | Vaults:1 | Found Nailli's Weapon Shop.
 38316 | Vaults:1 | Found Kupharut's Antique Armour Boutique.
 38316 | Vaults:1 | Found Xaemuippu's Assorted Antiques.
 38334 | Vaults:1 | Bought a scroll labelled MARUEGEESHR DYHA for 24 gold
                  | pieces
 38721 | Vaults:2 | Lost mutation: You are covered in thick fur. (AC +2)
                  | [Jiyva's grace]
 38721 | Vaults:2 | Lost mutation: Your body has grown many eyes which may
                  | confuse attackers. (Acc +5) [Jiyva's grace]
 38721 | Vaults:2 | Lost mutation: Armour fits poorly on your massive
                  | pseudopods. [Jiyva's grace]
 38721 | Vaults:2 | Lost mutation: Armour fits poorly on your large pseudopods.
                  | [Jiyva's grace]
 38721 | Vaults:2 | Lost mutation: Your translucent skin slightly reduces your
                  | foes' accuracy. (Stealth+) [Jiyva's grace]
 38721 | Vaults:2 | Lost mutation: You have a small jelly attached to you that
                  | may absorb projectiles. [Jiyva's grace]
 38721 | Vaults:2 | Gained mutation: You possess an exceptional clarity of
                  | mind. [Jiyva's grace]
 38721 | Vaults:2 | Gained mutation: You are partially covered in iridescent
                  | scales. (AC +2) [Jiyva's grace]
 38721 | Vaults:2 | Gained mutation: You are mostly covered in iridescent
                  | scales. (AC +4) [Jiyva's grace]
 38721 | Vaults:2 | Gained mutation: You are completely covered in iridescent
                  | scales. (AC +6) [Jiyva's grace]
 39029 | Vaults:2 | Identified the +6 chain mail of the Orb {rF+}
 39088 | Vaults:2 | Reached skill level 14 in Fighting
 39147 | Vaults:2 | You pick up a book of Decay and begin reading...
 39147 | Vaults:2 | You add the spells Cigotuvi's Dreadful Rot, Dispel Undead
                  | and Death Channel to your library.
 40280 | Vaults:3 | Reached skill level 15 in Fighting
 40310 | Vaults:3 | Lost mutation: You have hooves in place of feet. [Jiyva's
                  | grace]
 40310 | Vaults:3 | Lost mutation: You have hoof-like feet. [Jiyva's grace]
 40310 | Vaults:3 | Lost mutation: You are completely covered in iridescent
                  | scales. (AC +6) [Jiyva's grace]
 40310 | Vaults:3 | Lost mutation: Your system is resistant to poisons. (rPois)
                  | [Jiyva's grace]
 40310 | Vaults:3 | Lost mutation: Your body has grown eyes which may confuse
                  | attackers. (Acc +3) [Jiyva's grace]
 40310 | Vaults:3 | Lost mutation: Armour fits poorly on your pseudopods.
                  | [Jiyva's grace]
 40310 | Vaults:3 | Gained mutation: You have hidden genetic potential.
                  | [Jiyva's grace]
 40310 | Vaults:3 | Gained mutation: You have great hidden genetic potential.
                  | [Jiyva's grace]
 40310 | Vaults:3 | Gained mutation: Your rubbery body absorbs attacks. (AC +1,
                  | EV +1) [Jiyva's grace]
 40310 | Vaults:3 | Gained mutation: Your pliable body absorbs attacks. (AC +2,
                  | EV +2) [Jiyva's grace]
 40337 | Vaults:3 | Aim: a vault warden, wielding a +0 glaive and wearing a +0
                  | chain mail (heavily wounded, about 25% to evade the +10
                  | lance "Wyrmbane")
 40337 | Vaults:3 | Aim: a vault warden, wielding a +0 glaive and wearing a +0
                  | chain mail (heavily wounded, about 25% to evade the +10
                  | lance "Wyrmbane")
 40337 | Vaults:3 | Aim: a vault guard, wielding a +0 halberd and wearing a +0
                  | chain mail (about 25% to evade the +10 lance "Wyrmbane")
 40337 | Vaults:3 | Aim: an ironbound thunderhulk, wielding a +0 dire flail and
                  | wearing a +0 animal skin (almost dead, about 19% to evade
                  | the +10 lance "Wyrmbane")
 40338 | Vaults:3 | Aim: an ironbound thunderhulk, wielding a +0 dire flail and
                  | wearing a +0 animal skin (almost dead, about 19% to evade
                  | the +10 lance "Wyrmbane")
 40338 | Vaults:3 | Aim: an ironbound thunderhulk, wielding a +0 dire flail and
                  | wearing a +0 animal skin (almost dead, about 19% to evade
                  | the +10 lance "Wyrmbane")
 40342 | Vaults:3 | HP: 46/201 [vault warden/+0 glaive (27)]
 40343 | Vaults:3 | HP: 17/201 [ironbound frostheart[a vault warden] (6)]
 40345 | Vaults:3 | Killed from afar by an ironbound thunderhulk

Vanquished Creatures
  4 deep elf blademasters (Elf:3)
  2 deep elf master archers (Elf:3)
  Polyphemus (Shoals:3)
  Donald (Shoals:2)
  2 deep elf sorcerers (Elf:3)
  Louise (Elf:3)
  4 vault wardens
  A ghost moth (Spider:4)
  8 ironbound preservers
  5 emperor scorpions
  A deep elf elementalist (Elf:3)
  3 orc warlords
  4 very ugly things (Vaults:1)
  3 broodmothers
  A stone giant (D:15)
  6 ironbound thunderhulks
  2 deep elf demonologists
  6 deep elf annihilators
  7 dire elephants
  A spark wasp (Spider:3)
  An ettin (Orc:2)
  5 merfolk impalers (Shoals:4)
  A merfolk javelineer (Shoals:4)
  A fire dragon (D:15)
  2 deep elf death magi (Elf:3)
  2 yaktaur captains (Vaults:1)
  A spectral kraken (Shoals:1)
  Erolcha (D:8)
  A deep elf high priest (Elf:3)
  5 entropy weavers
  A great orb of eyes (Vaults:1)
  2 vault guards (Vaults:1)
  3 catoblepae
  2 jorogumos
  4 hydras
  An ogre mage (D:15)
  A centaur warrior (D:14)
  6 ironbound frosthearts
  2 ghost crabs (Shoals:1)
  2 merfolk avatars
  2 alligator snapping turtles (Shoals:4)
  2 radroaches (Spider:2)
  9 two-headed ogres
  20 dancing weapons
  6 boulder beetles
  20 death yaks
  3 merfolk aquamancers
  3 orc high priests
  A satyr (Shoals:4)
  Sonja (Orc:2)
  6 deep elf knights
  A tengu warrior (D:15)
  A sun demon (Lair:5)
  3 skeletal warriors (D:14)
  5 pharaoh ants
  2 skysharks
  Lodul (D:12)
  8 sea snakes
  2 bog bodies (IceCv)
  3 sun moths
  5 steelbarb worms
  33 deep trolls
  4 orb spiders
  11 deep elf archers
  9 ironbound convokers
  7 wizards
  7 orc knights
  20 deep elf zephyrmancers
  12 harpies
  5 lindwurms
  22 deep elf pyromancers
  12 manticores
  3 fauns (Shoals:3)
  2 orc sorcerers (Orc:2)
  A cyclops (Shoals:4)
  14 ugly things
  22 wolf spiders
  2 moths of wrath
  28 elephants
  Maurice (Orc:2)
  8 vault sentinels
  7 merfolk sirens
  8 demonic crawlers
  7 black mambas
  6 water nymphs
  3 torpor snails (Spider:2)
  2 orange demons (Lair:5)
  11 cane toads
  An ice statue (IceCv)
  2 spectral sea snakes (Shoals:1)
  4 unseen horrors
  Maggie (D:8)
  8 komodo dragons
  7 yaktaurs
  An anaconda simulacrum (IceCv)
  10 rime drakes
  A spectral harpy (Shoals:1)
  A red devil (Lair:5)
  3 ice devils
  A guardian mummy (D:13)
  A freezing wraith (D:14)
  9 wind drakes
  9 meliai
  A queen bee (Spider:2)
  8 trolls
  20 tarantellas
  17 merfolk
  3 polar bears
  A hornet (D:8)
  A hellwing (Lair:5)
  23 blink frogs
  4 dream sheep (Lair:5)
  An air elemental (Elf:1)
  8 snapping turtles
  A wraith (D:10)
  15 jumping spiders
  A spectral wind drake (Shoals:1)
  2 shadows (D:10)
  21 culicivoras
  A spriggan (D:7)
  5 wyverns
  9 water elementals
  39 yaks
  A yak (shapeshifter) (D:15)
  7 basilisks
  51 redbacks
  12 fire elementals
  4 steam dragons
  2 harpy simulacra (IceCv)
  5 vampire mosquitoes
  2 two-headed ogre zombies (D:10)
  3 wargs (Orc:2)
  An acid dragon (D:11)
  2 spectral snapping turtles (Shoals:1)
  3 hydra simulacra (IceCv)
  4 hell hounds (Lair:5)
  9 water moccasins
  2 sky beasts
  4 ice beasts
  3 black bears
  40 orc warriors
  3 wolves (Lair:5)
  14 ogres
  5 centaurs
  3 kobold brigands
  18 bullfrogs
  4 scorpions
  7 two-headed ogre simulacra
  4 cane toad simulacra (IceCv)
  21 wights
  15 killer bees
  A troll zombie (D:10)
  2 elephant simulacra
  7 electric eels
  4 howler monkeys
  A crimson imp (D:5)
  A gnoll bouda (D:4)
  5 hounds
  18 orc priests
  10 jellies
  A sleepcap (D:5)
  4 hell rats (Lair:1)
  3 iguanas
  23 orc wizards
  6 troll simulacra
  9 spriggan simulacra
  A wolf simulacrum (IceCv)
  2 polar bear simulacra
  5 ogre zombies (D:10)
  16 gnolls
  8 adders
  9 naga simulacra
  A shadow imp (D:4)
  8 white imps
  6 ufetubi (IceCv)
  2 dart slugs
  68 orcs
  7 ball pythons
  4 endoplasms
  2 giant cockroaches
  12 goblins
  18 hobgoblins
  16 jackals
  5 quokkas
  4 bats
  3 frilled lizards
  2 hobgoblin skeletons (D:10)
  4 hobgoblin zombies (D:10)
  16 kobolds
  4 orc skeletons (D:10)
  15 orc zombies (D:10)
  4 rats
  A tentacle (Shoals:1)
1305 creatures vanquished.

Vanquished Creatures (collateral kills)
  A kraken (Shoals:1)
  A deep elf annihilator (Elf:3)
  A water nymph (Shoals:1)
  A redback (Spider:2)
4 creatures vanquished.

Vanquished Creatures (others)
  A bunyip (shapeshifter) (Elf:1)
  2 vault guards (Vaults:2)
  A centaur warrior (Vaults:1)
  A dancing weapon (Elf:1)
  A glowing orange brain (Elf:1)
  A deep elf pyromancer (Elf:3)
  A manticore (D:15)
  A vault sentinel (Vaults:2)
  A guardian serpent (shapeshifter) (Elf:1)
  A demonic crawler (Spider:2)
  A rime drake (Shoals:4)
  A golden eye (shapeshifter) (Elf:1)
  A tarantella (shapeshifter) (Elf:1)
  2 dream sheep (Lair:5)
  17 slime creatures
  2 jumping spiders (Spider:2)
  A redback (Spider:2)
  A steam dragon (Shoals:4)
  An ogre (Orc:2)
  An earth elemental (Elf:1)
  An electric eel (Lair:4)
  123 jellies
  A jelly (shapeshifter) (Elf:1)
  An orc priest (Orc:2)
  An iguana (shapeshifter) (Elf:1)
  4 orc wizards
  2 gnolls (D:5)
  2 ufetubi (IceCv)
  2 orcs (Orc:2)
  A kobold (D:7)
  12 bushes (Elf:2)
  69 foxfires (Bailey)
  61 fungi
  148 plants
  29 tentacles (Shoals:1)
  5 withered plants (Shoals:1)
501 creatures vanquished.

Grand Total: 1810 creatures vanquished

Table legend:
 A = Non-vault XP
 B = Vault XP
 C = Vault XP percentage of total XP
 D = Non-vault monster count
 E = Vault monster count
 F = Vault count percentage of total count
                 A         B        C        D         E       F
            +---------+---------+-------+---------+---------+-------
      Total |  301263 |  143628 |  32.3 |     857 |     439 |  33.9
            +---------+---------+-------+---------+---------+-------
        D:1 |      31 |       0 |   0.0 |      19 |       0 |   0.0
        D:2 |      91 |       0 |   0.0 |      24 |       0 |   0.0
        D:3 |      17 |       0 |   0.0 |      11 |       0 |   0.0
        D:4 |     275 |       0 |   0.0 |      21 |       0 |   0.0
        D:5 |    1236 |      46 |   3.6 |      21 |       1 |   4.5
        D:6 |     806 |       0 |   0.0 |      13 |       0 |   0.0
        D:7 |    1518 |     211 |  12.2 |      32 |       1 |   3.0
        D:8 |    3080 |    1443 |  31.9 |      32 |       4 |  11.1
        D:9 |    2206 |     444 |  16.8 |      20 |       9 |  31.0
       D:10 |    1163 |    1017 |  46.7 |      12 |      36 |  75.0
       D:11 |    1316 |       0 |   0.0 |       6 |       0 |   0.0
       D:12 |    4300 |    1879 |  30.4 |      15 |      14 |  48.3
       D:13 |    7197 |    5248 |  42.2 |      12 |       8 |  40.0
       D:14 |    8986 |       0 |   0.0 |      23 |       0 |   0.0
       D:15 |    7002 |    4129 |  37.1 |      10 |       6 |  37.5
     Lair:1 |    4231 |    3310 |  43.9 |      18 |       6 |  25.0
     Lair:2 |    4668 |       0 |   0.0 |      22 |       0 |   0.0
     Lair:3 |    6478 |     188 |   2.8 |      28 |       1 |   3.4
     Lair:4 |   20338 |    1055 |   4.9 |      55 |      12 |  17.9
     Lair:5 |   20228 |    9384 |  31.7 |      45 |      23 |  33.8
   Shoals:1 |   10398 |    4224 |  28.9 |      24 |       9 |  27.3
   Shoals:2 |    5590 |    1393 |  19.9 |      10 |       1 |   9.1
   Shoals:3 |    3606 |    7386 |  67.2 |       8 |       9 |  52.9
   Shoals:4 |   12059 |   20690 |  63.2 |      22 |      42 |  65.6
   Spider:1 |   11261 |       0 |   0.0 |      35 |       0 |   0.0
   Spider:2 |   22949 |    1879 |   7.6 |      61 |      15 |  19.7
   Spider:3 |   14396 |    2655 |  15.6 |      38 |       3 |   7.3
   Spider:4 |    5964 |   16470 |  73.4 |      13 |      30 |  69.8
      Orc:1 |    3503 |       0 |   0.0 |      24 |       0 |   0.0
      Orc:2 |    2307 |    8338 |  78.3 |      25 |      69 |  73.4
      Elf:1 |   16138 |    5749 |  26.3 |      26 |       8 |  23.5
      Elf:2 |   21240 |    1636 |   7.2 |      31 |       2 |   6.1
      Elf:3 |    8390 |   20957 |  71.4 |      13 |      19 |  59.4
   Vaults:1 |   29439 |   12686 |  30.1 |      36 |      19 |  34.5
   Vaults:2 |   31678 |    2811 |   8.2 |      42 |       4 |   8.7
   Vaults:3 |    7178 |       0 |   0.0 |      10 |       0 |   0.0
     Bailey |       0 |    3738 | 100.0 |       0 |      35 | 100.0
      IceCv |       0 |    4662 | 100.0 |       0 |      53 | 100.0
            +---------+---------+-------+---------+---------+-------

Skill      XL: |  1  2  3  4  5  6  7  8  9 10 11 12 13 14 15 16 17 18 19 |
---------------+----------------------------------------------------------+-----
Unarmed Combat | 4 5 6 8 10 11 | 11.0
Fighting       | 3 4 6 8 10 11 12 15 | 15.0
Stealth        | 1 |  1.0
Polearms       | 3 8 11 12 | 12.0
Shields        | 5 10 14 15 | 15.1
Throwing       | 6 9 12 15 | 15.0
Dodging        | 5 9 11 13 | 13.0
Evocations     | 2 4 |  4.0
Spellcasting   | |  1.0
Fire Magic     | |  2.1

Action                     |  1- 3 |  4- 6 |  7- 9 | 10-12 | 13-15 | 16-18 | 19-21 || total
---------------------------+-------+-------+-------+-------+-------+-------+-------++-------
  Melee: Unarmed           |    99 |   140 |   221 |    79 |       |       |       ||   539
         Punch             |     2 |     5 |     7 |    34 |       |       |       ||    48
         Lance             |       |       |       |   805 |  1892 |  2051 |   550 ||  5298
         Headbutt          |       |       |       |       |    56 |    62 |       ||   118
         Pseudopods        |       |       |       |       |    49 |   373 |   138 ||   560
         Bite              |       |       |       |       |     3 |   191 |       ||   194
         Kick              |       |       |       |       |       |   155 |   241 ||   396
  Throw: Stone             |       |       |    58 |       |     7 |    74 |       ||   139
         Dart              |       |       |     1 |     5 |       |    73 |    11 ||    90
         Boomerang         |       |       |       |    17 |    56 |       |       ||    73
         Large rock        |       |       |       |       |     4 |       |       ||     4
 Invoke: Foxfire Swarm     |       |       |       |     3 |       |       |       ||     3
         Fiery Armour      |       |       |       |     1 |       |       |       ||     1
         Oozemancy         |       |       |       |       |     1 |     2 |       ||     3
         Slimify           |       |       |       |       |       |     2 |     1 ||     3
  Evoke: Wand              |       |     3 |     3 |     1 |     4 |       |       ||    11
         Phial of floods   |       |       |       |       |     1 |       |       ||     1
    Use: Scroll            |       |    12 |     4 |     8 |     5 |     6 |     4 ||    39
         Potion            |       |       |     1 |     4 |     1 |       |     2 ||     8
   Stab: Sleeping          |       |     1 |       |     8 |    29 |    32 |       ||    70
         Petrified         |       |       |       |     3 |       |     3 |       ||     6
         Distracted        |       |       |       |       |     4 |     4 |       ||     8
         Paralysed         |       |       |       |       |     1 |       |       ||     1
         Confused          |       |       |       |       |    11 |    43 |     4 ||    58
 Armour: Robe              |    42 |    31 |    48 |       |       |       |       ||   121
         Steam dragon scal |       |       |     1 |   170 |   234 |       |       ||   405
         Troll leather arm |       |       |       |       |    74 |   109 |    37 ||   220
  Dodge: Dodged            |    66 |    43 |    70 |   186 |   211 |   296 |    59 ||   931
  Block: Tower shield      |       |       |       |    75 |   845 |  1402 |   338 ||  2660
         Reflection        |       |       |       |       |       |    44 |    17 ||    61

Illustrated notes

Table legend:
 A = Kills in this place as a percentage of kills in the entire game.
 B = Kills by you in this place as a percentage of kills by you in the entire game.
 C = Kills by friends in this place as a percentage of kills by friends in the entire game.
 D = Other kills in this place as a percentage of other kills in the entire game.
 E = Experience gained in this place as a percentage of experience gained in the entire game.
 F = Experience gained in this place divided by the number of levels of this place that you have seen.
                   A       B       C       D       E      F
               +-------+-------+-------+-------+-------+----------------------
         Total | 100.0 | 100.0 | 100.0 | 100.0 | 100.0 | 10111.2
       Dungeon |  27.0 |  27.2 |   0.0 |  10.0 |  12.1 | 3576.1
          Lair |  16.2 |  16.3 |   0.0 |  10.0 |  15.7 | 13976.0
        Shoals |   9.6 |   9.5 |  50.0 |  10.0 |  14.7 | 16336.5
   Spider Nest |  15.0 |  14.9 |  25.0 |  30.0 |  17.0 | 18893.5
  Orcish Mines |   9.1 |   9.0 |   0.0 |  20.0 |   3.2 | 7074.0
   Elven Halls |   7.6 |   7.6 |  25.0 |   0.0 |  16.7 | 24703.3
        Vaults |   8.6 |   8.5 |   0.0 |  20.0 |  18.8 | 27930.7
        Bailey |   2.7 |   2.7 |   0.0 |   0.0 |   0.8 | 3738.0
      Ice Cave |   4.1 |   4.1 |   0.0 |   0.0 |   1.0 | 4662.0
               +-------+-------+-------+-------+-------+----------------------

Table legend: (Time is in decaauts)
 A = Elapsed time spent in this place.
 B = Non-inter-level travel time spent in this place.
 C = Inter-level travel time spent in this place.
 D = Time resting spent in this place.
 E = Time spent auto-exploring this place.
 F = Levels seen in this place.
 G = Mean time per level.
                   A        B        C        D        E       F      G
               +--------+--------+--------+--------+--------+-----+--------+
         Total |  38325 |  35890 |   2435 |   2196 |  22075 |  44 |  871.0 |
       Dungeon |  14233 |  13257 |    976 |    673 |   9451 |  15 |  948.9 |
        Temple |    212 |    198 |     14 |      0 |    188 |   1 |  212.0 |
          Lair |   7422 |   6810 |    612 |    962 |   3335 |   5 | 1484.4 |
        Shoals |   3417 |   3249 |    168 |     27 |   2160 |   4 |  854.2 |
   Spider Nest |   4159 |   4003 |    156 |    223 |   2293 |   4 | 1039.8 |
    Slime Pits |    209 |    140 |     69 |      0 |      5 |   5 |   41.8 |
  Orcish Mines |   1460 |   1260 |    200 |     11 |    876 |   2 |  730.0 |
   Elven Halls |   3011 |   2853 |    158 |     30 |   1815 |   3 | 1003.7 |
        Vaults |   2657 |   2578 |     79 |     34 |   1427 |   3 |  885.7 |
        Bailey |    887 |    887 |      0 |    232 |    140 |   1 |  887.0 |
      Ice Cave |    653 |    653 |      0 |      2 |    384 |   1 |  653.0 |
               +--------+--------+--------+--------+--------+-----+--------+

Top non-repeatable levels by time:
  Lair:4: 2040 daAuts
  Lair:5: 1767 daAuts
    D:15: 1478 daAuts
Spider:3: 1420 daAuts
   Elf:3: 1352 daAuts
  Lair:2: 1327 daAuts
Vaults:2: 1316 daAuts
  Lair:3: 1258 daAuts
     D:4: 1204 daAuts
     D:8: 1193 daAuts
Vaults:1: 1179 daAuts
     D:5: 1167 daAuts
    D:10: 1141 daAuts
     D:7: 1088 daAuts
     D:9: 1074 daAuts
